 Dungeon Crawl Stone Soup version 0.23.2-40-g277498a001 (webtiles) character file.

Game seed: 6512864623670850436

8152 OrcJesus the Archer (level 11, -11/145 HPs)
             Began as a Centaur Berserker on Aug 26, 2019.
             Was an Elder of Trog.
             Killed from afar by Erica (22 damage)
             ... with an orb of energy
             ... on level 10 of the Dungeon.
             The game lasted 00:40:26 (10487 turns).

OrcJesus the Archer (Centaur Berserker)            Turns: 10487, Time: 00:40:27

Health: -11/145    AC: 11    Str: 33    XL:     11   Next: 6%
Magic:  11/11      EV:  8    Int: 10    God:    Trog [****..]
Gold:   409        SH:  0    Dex: 14    Spells: 10/10 levels left

rFire    + . .     SeeInvis .   a - +6 hand axe "Ykunuti" {freeze, rC+ Str+7 Int+4 Dex+3}
rCold    + . .     Gourm    .   (no shield)
rNeg     . . .     Faith    .   K - +0 plate armour
rPois    +         Spirit   .   y - +1 hat
rElec    .         Reflect  .   F - +2 cloak {rPois}
rCorr    .         Harm     .   n - +1 pair of gloves
MR       +....                  (no barding)
Stlth    ..........             B - amulet of the acrobat
HPRegen  0.34/turn              s - ring of protection from fire
MPRegen  0.12/turn              G - ring of protection from magic

@: berserking, lethally poisoned (-11 -> -16), corroded, lightly drained, very
quick
A: large, hooves 3, deformed body, speed 2, tough skin 3
a: Berserk, Trog's Hand, Brothers in Arms, Renounce Religion


You were on level 10 of the Dungeon.
You worshipped Trog.
Trog was greatly pleased with you.
You were near starving.

You visited 1 branch of the dungeon, and saw 10 of its levels.

You collected 500 gold pieces.
You spent 91 gold pieces at shops.

Inventory:

Hand Weapons
 a - the +6 hand axe "Ykunuti" (weapon) {freeze, rC+ Str+7 Int+4 Dex+3}
   (You found it on level 10 of the Dungeon)

   It has been specially enchanted to freeze those struck by it, causing extra
   injury to most foes and up to half again as much damage against particularly
   susceptible opponents.
   It can also slow down cold-blooded creatures.
   It affects your strength (+7).
   It affects your intelligence (+4).
   It affects your dexterity (+3).
   It protects you from cold.
 b - a +0 shortbow
 k - a +1 dagger of venom
 o - a +0 falchion
Missiles
 f - 278 arrows
 v - 23 bolts
 H - 2 throwing nets (quivered)
Armour
 n - a +1 pair of gloves (worn)
 t - a +1 leather armour of fire resistance
 y - a +1 hat (worn)
 F - a +2 cloak of poison resistance (worn)
 K - a +0 plate armour (worn)
Jewellery
 s - a ring of protection from fire (left hand)
 B - an amulet of the acrobat (around neck)
 G - a ring of protection from magic (right hand)
Wands
 p - a wand of polymorph (1)
 u - a wand of paralysis (15)
Scrolls
 e - a scroll of enchant armour
 h - 7 scrolls of teleportation
 i - 3 scrolls of remove curse
 m - a scroll of enchant weapon
 r - a scroll of immolation {unknown}
 x - 6 scrolls of fear
 D - a scroll of identify
 E - a scroll of blinking {unknown}
Potions
 d - a potion of haste
 g - 2 potions of berserk rage
 j - 3 potions of curing
 l - 2 potions of magic
 q - a potion of flight
 w - a potion of cancellation
 z - a potion of invisibility
 A - a potion of heal wounds
 C - 2 potions of brilliance {unknown}
 I - a potion of agility
 J - 2 potions of mutation {unknown}
Comestibles
 c - 16 rations


   Skills:
 + Level 9.6(9.2) Fighting
 - Level 3.1(3.5) Short Blades
 - Level 3.3(3.6) Long Blades
 * Level 2.0(1.7) Axes
 - Level 14.0(13.5) Bows
 - Level 3.6(3.3) Armour
 - Level 5.0(4.6) Dodging


You had 10 spell levels left.
You didn't know any spells.
Your spell library contained the following spells:

 Spells                   Type           Power        Failure   Level  Hunger
 Animate Skeleton         Necr           N/A          97%         1    ##.....
 Apportation              Tloc           #.....       97%         1    ##.....
 Confusing Touch          Hex            #.....       97%         1    ##.....
 Corona                   Hex            #......      97%         1    ##.....
 Summon Small Mammal      Summ           #...         97%         1    ##.....
 Slow                     Hex            #.......     99%         2    ###....
 Inner Flame              Hex/Fire       #.......     100%        3    ####...
 Portal Projectile        Hex/Tloc       #.....       100%        3    ####...
 Cause Fear               Hex            #.........   100%        4    #####..
 Leda's Liquefaction      Hex/Erth       #.........   100%        4    #####..


Dungeon Overview and Level Annotations

Branches:
Dungeon (10/15)            Temple (0/1) D:7            Lair (0/6) D:9
    Orc: D:9-12

Altars:
Ashenzari
Cheibriados
Hepliaklqana
Ru
Trog
Uskayaw
Zin
Beogh

Shops:
D:8 [=[   D:10 ?

Annotations:
D:3 4 runed translucent doors, exclusion: 3 doors, Alannah's ghost, amateur GrFi
D:8 5 runed translucent doors
D:10 Erica


Innate Abilities, Weirdness & Mutations

You have hooves in place of feet.
Armour fits poorly on your strangely shaped body.
You cover ground very quickly.
You have extremely tough skin. (AC +3)


Message History

You are splashed with acid!
Erica closely misses you.
Your plate armour prevents you from hitting Erica.
You kick Erica!
Erica is heavily wounded.
You feel sick.
Erica zaps a wand.
The bolt of acid hits you!! The acid corrodes you!
You are splashed with acid!
* * * LOW HITPOINT WARNING * * *
A red film seems to cover your vision as you go berserk!
You feel yourself moving faster!
You feel mighty!
You are near starving!
You feel sick.
Erica zaps a wand.
The bolt of acid hits you!
* * * LOW HITPOINT WARNING * * *
The acid corrodes you!
You are splashed with acid!
* * * LOW HITPOINT WARNING * * *
You slice Erica!! You freeze Erica. Your kick misses Erica.
Erica is almost dead.
You feel sick. Erica casts a spell at you. The orb of energy hits you!!
You die...

...# #.#.####
##.. #...# .##
#.#####
...#####.....#
.........###.#
.....###.###
... #...#
...(.###.#.#
(...((@@.#.#
#######.......#
####.#### .# .#
.#


You could see Erica.

Vanquished Creatures
  Harold (D:7)
  A two-headed ogre (D:9)
  An unseen horror (D:6)
  Pikel (D:6)
  A troll (D:10)
  A hornet (D:7)
  2 wyverns
  Sigmund (D:3)
  A shadow (D:10)
  Eustachio (D:4)
  A water moccasin (D:8)
  An ice beast (D:9)
  2 orc warriors
  2 sky beasts
  A slave (D:6)
  A black bear (D:9)
  A necrophage (D:9)
  6 ogres
  4 phantoms
  6 centaurs
  A gnoll sergeant (D:7)
  2 big kobolds (D:10)
  A bullfrog (D:6)
  2 scorpions (D:7)
  2 water moccasin skeletons
  11 wights
  A howler monkey (D:4)
  2 electric eels (D:9)
  3 centaur zombies
  3 crimson imps
  2 bullfrog zombies
  3 jellies
  3 hounds (D:4)
  4 orc priests
  Crazy Yiuf (D:7)
  11 orc wizards
  2 bullfrog skeletons (D:6)
  7 iguanas
  Ijyb (D:4)
  7 worker ants
  A howler monkey zombie (D:8)
  10 gnolls
  11 adders
  An adder zombie (D:5)
  4 worms
  2 dart slugs (D:1)
  A leopard gecko (D:7)
  23 orcs
  3 ball pythons
  5 giant cockroaches
  7 goblins
  11 hobgoblins
  11 jackals
  3 quokkas
  2 bats (D:1)
  9 frilled lizards
  A jackal skeleton (D:4)
  9 kobolds
  7 rats
226 creatures vanquished.

Vanquished Creatures (collateral kills)
  A crimson imp (D:7)
  An orc wizard (D:7)
2 creatures vanquished.

Vanquished Creatures (others)
  A centaur (D:6)
1 creature vanquished.

Grand Total: 229 creatures vanquished

Notes
Turn   | Place    | Note
-------+----------+-------------------------------------------
     0 | D:1      | OrcJesus the Centaur Berserker began the quest for the Orb.
     0 | D:1      | Reached XP level 1. HP: 19/19 MP: 1/1
    84 | D:1      | Reached XP level 2. HP: 17/26 MP: 2/2
   825 | D:1      | Reached XP level 3. HP: 22/31 MP: 3/3
   947 | D:1      | Reached ** piety under Trog
  1471 | D:3      | Found a glowing silver altar of Zin.
  1471 | D:3      | Found a runed translucent door.
  1471 | D:3      | Noticed an angel
  1532 | D:3      | Reached XP level 4. HP: 38/38 MP: 4/4
  1622 | D:3      | Found a shattered altar of Ashenzari.
  2257 | D:3      | Reached XP level 5. HP: 42/46 MP: 5/5
  2280 | D:3      | Found a runed translucent gate.
  2280 | D:3      | Found a runed translucent gate.
  2280 | D:3      | Found a runed translucent gate.
  2281 | D:3      | Found a roughly hewn altar of Beogh.
  2281 | D:3      | Noticed Alannah's ghost (amateur GrFi)
  2282 | D:3      | Identified the +0 scale mail "Zeiloule" {rF- rC+ Dex+2}
  2383 | D:3      | Noticed Sigmund
  2418 | D:3      | Killed Sigmund
  2418 | D:3      | Reached skill level 1 in Short Blades
  2418 | D:3      | Reached XP level 6. HP: 45/52 MP: 6/6
  3393 | D:4      | Reached *** piety under Trog
  3395 | D:4      | Reached XP level 7. HP: 60/60 MP: 7/7
  3519 | D:4      | Noticed Eustachio
  3541 | D:4      | Killed Eustachio
  3582 | D:4      | Noticed Ijyb
  3592 | D:4      | Killed Ijyb
  3699 | D:4      | Reached skill level 5 in Fighting
  3821 | D:5      | Entered Level 5 of the Dungeon
  3911 | D:5      | Reached XP level 8. HP: 68/68 MP: 8/8
  4090 | D:5      | Found a snail-covered altar of Cheibriados.
  4100 | D:5      | Found a hazy altar of Hepliaklqana.
  4104 | D:5      | Found a bloodstained altar of Trog.
  4181 | D:5      | Reached skill level 1 in Bows
  4269 | D:5      | Noticed a +0 dagger
  4274 | D:5      | Noticed a +0 dagger
  4302 | D:5      | Found a hide-covered altar of Uskayaw.
  4332 | D:5      | Reached skill level 2 in Bows
  4332 | D:5      | Reached skill level 5 in Dodging
  4660 | D:6      | Reached skill level 3 in Bows
  4680 | D:6      | Reached skill level 4 in Bows
  4683 | D:6      | Reached **** piety under Trog
  4805 | D:6      | Reached skill level 5 in Bows
  4848 | D:6      | Reached skill level 6 in Bows
  5046 | D:6      | Killed an unseen horror
  5046 | D:6      | Reached skill level 7 in Bows
  5046 | D:6      | Reached XP level 9. HP: 38/78 MP: 9/9
  5291 | D:6      | Reached skill level 8 in Bows
  5506 | D:6      | Noticed Pikel
  5526 | D:6      | Killed Pikel
  5526 | D:6      | Reached skill level 9 in Bows
  6031 | D:7      | Received a gift from Trog
  6037 | D:7      | Reached skill level 10 in Bows
  6239 | D:7      | Found a sacrificial altar of Ru.
  6281 | D:7      | Found a staircase to the Ecumenical Temple.
  6795 | D:7      | Found a runed translucent door.
  6796 | D:7      | Noticed Crazy Yiuf
  6805 | D:7      | Killed Crazy Yiuf
  6998 | D:8      | Found Ijokeni's Armour Boutique.
  7016 | D:8      | Found Gubluhepo's Jewellery Shop.
  7030 | D:8      | Reached XP level 10. HP: 77/88 MP: 10/10
  7042 | D:8      | Reached skill level 11 in Bows
  7186 | D:7      | Received a gift from Trog
  7327 | D:8      | Noticed Harold
  7393 | D:7      | Killed Harold
  7668 | D:7      | Reached skill level 12 in Bows
  7808 | D:8      | Found Agazid's Armour Shoppe.
  7886 | D:8      | Found a runed translucent gate.
  7886 | D:8      | Found a runed translucent gate.
  7886 | D:8      | Found a runed translucent gate.
  7892 | D:8      | Found a runed translucent door.
  7892 | D:8      | Found a runed translucent door.
  7936 | D:8      | Found the +9 staff of Olgreb {rPois}
  8246 | D:8      | Received a gift from Trog
  8430 | D:9      | Noticed a two-headed ogre
  8445 | D:9      | Killed a two-headed ogre
  8639 | D:9      | Reached skill level 13 in Bows
  9467 | D:9      | Found a staircase to the Lair.
  9633 | D:10     | Entered Level 10 of the Dungeon
  9692 | D:10     | Found Hoeschais's Magic Scroll Emporium.
  9698 | D:10     | Got a smoking hand axe
  9744 | D:10     | Identified the +6 hand axe "Ykunuti" {freeze, rC+ Str+7
                  | Int+4 Dex+3} (You found it on level 10 of the Dungeon)
  9776 | D:10     | Bought a scroll of fear for 49 gold pieces
  9776 | D:10     | Bought a scroll of teleportation for 42 gold pieces
  9813 | D:10     | Received a gift from Trog
  9830 | D:10     | Reached ***** piety under Trog
  9842 | D:10     | Reached skill level 1 in Axes
 10034 | D:10     | Reached XP level 11. HP: 41/97 MP: 11/11
 10379 | D:10     | Reached skill level 14 in Bows
 10473 | D:10     | Noticed Erica
 10487 | D:10     | Killed from afar by Erica

Skill      XL: |  1  2  3  4  5  6  7  8  9 10 11 |
---------------+----------------------------------+-----
Long Blades    | 3 |  3.3
Dodging        | 2 3 4 5 |  5.0
Armour         | 2 3 |  3.6
Fighting       | 4 5 6 8 9 |  9.6
Short Blades   | 1 2 3 |  3.1
Bows           | 7 10 13 14 | 14.0
Axes           | 1 2 |  2.0

Action                   |  1- 3 |  4- 6 |  7- 9 | 10-12 || total
-------------------------+-------+-------+-------+-------++-------
Melee: Falchion          |   112 |    32 |       |       ||   144
       Kick              |    18 |    35 |   100 |    36 ||   189
       Dagger            |       |    85 |   312 |    41 ||   438
       Hand axe          |       |       |       |    54 ||    54
 Fire: Shortbow          |       |       |    87 |   249 ||   336
Invok: Berserk           |     4 |     4 |     5 |     5 ||    18
       Trog's Hand       |       |     2 |       |       ||     2
       Brothers in Arms  |       |       |       |     1 ||     1
  Use: Potion            |       |     2 |       |     1 ||     3
       Scroll            |       |       |     8 |     3 ||    11
 Stab: Distracted        |       |     1 |       |       ||     1
  Eat: Chunk             |     4 |    10 |    14 |    13 ||    41
Armor: Animal skin       |    33 |       |       |       ||    33
       Leather armour    |    21 |    36 |    58 |       ||   115
       Skin              |       |     2 |       |       ||     2
       Ring mail         |       |    11 |     5 |       ||    16
       Chain mail        |       |       |    65 |    78 ||   143
       Plate armour      |       |       |       |    85 ||    85
Dodge: Dodged            |    58 |    52 |   117 |    74 ||   301
       Rpst.: Falchion   |    11 |     3 |       |       ||    14
